Map: Invader LE

Players

kmmnn - Winner!

  • Race: Zerg Zerg
  • League: Platinum

blackxored

  • Race: Zerg Zerg
  • League: Diamond

VOD

Have the link to the VOD?

Description

Time

  • Played on: June 19, 2016, 4:03 p.m.
  • Length: 7:41
Show
View Real Time Build Order
Export as new Build Order

kmmnn Zerg - Winner!

Build Orders: Hatch First 

Get SALT Encoding   

  12  0:02  Drone  
  13  0:14  Overlord  
  13  0:18  Drone  
  14  0:33  Drone x2  
  16  0:37  Drone  
  17  0:56  Drone  
  18  0:58  Hatchery  
  17  1:05  Drone  
  18  1:14  Extractor  
  18  1:16  Spawning Pool  
  18  1:17  Drone  
  17  1:23  Drone  
  18  1:30  Drone  
  19  1:44  Overlord  
  19  1:55  Drone  
  20  2:06  Queen  
  20  2:08  Zergling x2  
  23  2:10  Queen  
  23  2:11  Zergling x2  
  26  2:16  Zergling x2  
  26  2:18  Metabolic Boost  
  26  2:22  Drone  
  28  2:26  Zergling x2  
  29  2:34  Baneling Nest  
  28  2:39  Drone x2  
  30  2:53  Overlord x2  
  30  2:55  Drone  
  31  3:16  Zergling x4  
  31  3:17  Zergling x10  
  38  3:20  Zergling x4  
  38  3:21  Zergling x2  
  38  3:25  Overlord  
  41  3:30  Extractor  
  41  3:33  Extractor  
  39  3:41  Roach Warren  
  38  3:49  Drone x4  
  38  3:50  Drone x3  
  38  3:55  Drone  
  45  4:09  Drone x4  
  48  4:14  Drone  
  49  4:18  Lair  
  49  4:24  Overlord  
  49  4:29  Drone x2  
  51  4:34  Overlord  
  51  4:46  Drone x3  
  51  4:47  Drone  
  55  4:53  Drone  
  55  4:54  Drone  
  57  5:15  Glial Reconstitution  
  57  5:16  Roach x3  
  57  5:17  Roach x2  
  57  5:19  Overseer  
  57  5:20  Overlord x2  
  67  5:30  Overlord x2  
  67  5:34  Baneling x2  
  67  5:35  Baneling x3  
  67  5:38  Overlord  
  67  5:39  Roach x2  
  67  5:40  Roach x3  
  77  5:46  Roach  
  79  5:53  Roach x2  
  79  5:54  Roach x2  
  87  5:59  Roach  
  87  6:00  Roach x2  
  87  6:02  Roach  
  95  6:07  Roach  
  97  6:12  Extractor  
  96  6:38  Baneling  
  96  6:39  Baneling x6  
  95  6:40  Baneling  
  95  6:46  Roach x4  
  107  6:47  Roach x2  
  104  6:56  Roach  
  102  7:05  Roach  
  102  7:06  Roach x4  
  102  7:07  Overlord x2  
  103  7:20  Roach x2  
Show
View Real Time Build Order
Export as new Build Order

blackxored Zerg 

Build Orders: Hatch First, Zergling Baneling 

Get SALT Encoding   

  12  0:02  Drone  
  13  0:14  Overlord  
  13  0:18  Drone  
  14  0:32  Extractor  
  14  0:33  Drone x2  
  16  0:37  Drone  
  17  0:57  Hatchery  
  17  1:01  Drone  
  17  1:03  Drone  
  18  1:16  Extractor  
  17  1:19  Spawning Pool  
  17  1:20  Drone  
  17  1:21  Drone  
  18  1:30  Drone  
  19  1:43  Overlord  
  19  1:52  Drone  
  20  2:06  Zergling x2  
  20  2:07  Spine Crawler  
  20  2:09  Queen  
  20  2:10  Zergling x2  
  20  2:12  Queen  
  25  2:16  Zergling x2  
  25  2:20  Metabolic Boost  
  26  2:33  Drone x3  
  29  2:48  Drone x3  
  32  2:52  Baneling Nest  
  30  3:07  Zergling x6  
  33  3:14  Queen  
  33  3:19  Overlord  
  35  3:23  Overlord  
  35  3:26  Zergling x2  
  36  3:37  Baneling x5, Queen  
  36  3:38  Baneling  
  36  3:40  Drone x2  
  36  3:41  Drone x3  
  43  3:44  Drone  
  44  3:55  Zergling x4  
  46  4:11  Zergling x8  
  46  4:13  Baneling x3  
  46  4:14  Baneling  
  50  4:28  Extractor  
  50  4:29  Drone  
  50  4:30  Extractor, Drone x2  
  51  4:31  Extractor  
  50  4:46  Drone x2  
  50  4:47  Roach Warren  
  50  4:48  Drone  
  52  4:54  Spine Crawler  
  52  4:55  Drone  
  52  5:06  Lair  
  51  5:09  Drone  
  51  5:11  Overlord  
  51  5:13  Overlord  
  52  5:21  Spine Crawler  
  51  5:30  Drone x4  
  51  5:31  Drone  
  51  5:32  Drone x2  
  58  5:37  Drone  
  58  5:39  Drone x3  
  58  5:41  Roach x2  
  66  5:56  Evolution Chamber  
  65  5:58  Drone  
  65  5:59  Roach  
  65  6:00  Overlord  
  65  6:01  Overlord  
  68  6:12  Glial Reconstitution  
  68  6:16  Overlord  
  68  6:17  Overlord  
  68  6:19  Hatchery  
  70  6:33  Roach x6  
  79  6:42  Roach x5  
  83  6:55  Roach x3  
  82  7:05  Roach x5  
  76  7:09  Roach  
  63  7:18  Roach x2  
Tags
 
Add a new tag
Caveats
  • Supply blocks, unpowered buildings, or Contaminate may cause inaccurate times.
  • Supply counts are checked every 10 seconds.